General information
- name: BNet
- type: Ladder team game (AT/RT)
- host: Battle.net
- saver: KotikVsTheWorld
map: GoldRush
- players: 8
- length: 58:26
- speed: Fast
- version: 1.26 W3XP
- replay type: Public
» download(360 KB)
Players
team 1 (loser)

»
Schaefwagon (
yellow | 78 APM | 4540 actions | 58:25)
10 Mountain King
3 Thunder Clap
3 Storm Bolt
3 Bash
1 Avatar
» actions
| Assign group hotkey | 34 | |
| Build / train | 122 | |
| Enter build submenu | 72 | |
| Enter hero's abilities submenu | 10 | |
| Give item / drop item | 4 | |
| Right click | 1803 | |
| Select / deselect | 593 | |
| Select group hotkey | 1785 | |
| Use ability | 117 | |
4540 total
» units
| Peasant | 19 | |
| Footman | 4 | |
| Rifleman | 3 | |
| Siege Engine | 12 | |
| Knight | 31 | |
69 total
» upgrades
| Lumber Harvesting | 2 | |
| Swords | 3 | |
| Barrage | 1 | |
| Animal War Training | 1 | |
| Plating | 3 | |
| Gunpowder | 3 | |
13 total
» buildings
| Farm | 24 | |
| Altar of Kings | 1 | |
| Lumber Mill | 1 | |
| Barracks | 3 | |
| Scout Tower | 23 | |
| Guard Tower | 14 | |
| Keep | 1 | |
| Arcane Vault | 1 | |
| Blacksmith | 1 | |
| Castle | 1 | |
| Workshop | 2 | |
| Town Hall | 4 | |
| Arcane Tower | 7 | |
83 total
» build order
00:07 Farm
00:13 Altar of Kings
01:34 Farm
01:38 Lumber Mill
01:59 Barracks
02:16 Scout Tower
02:27 Scout Tower
02:46 Guard Tower
02:49 Farm
03:01 Guard Tower
03:55 Keep
04:02 Arcane Vault
04:34 Blacksmith
04:39 Farm
05:35 Farm
06:17 Castle
06:46 Workshop
07:52 Town Hall
10:33 Workshop
10:38 Barracks
11:03 Farm
11:12 Scout Tower
11:51 Guard Tower
11:54 Scout Tower
11:57 Scout Tower
12:16 Farm
12:21 Farm
12:24 Farm
12:26 Guard Tower
12:30 Farm
12:34 Guard Tower
15:06 Farm
15:12 Farm
16:41 Town Hall
17:16 Farm
21:13 Scout Tower
21:16 Scout Tower
21:19 Scout Tower
21:23 Scout Tower
25:28 Guard Tower
25:29 Guard Tower
26:52 Guard Tower
29:31 Town Hall
32:12 Barracks
33:17 Guard Tower
34:32 Scout Tower
34:35 Scout Tower
34:38 Scout Tower
34:43 Scout Tower
35:05 Guard Tower
35:07 Guard Tower
35:10 Guard Tower
35:13 Scout Tower
35:20 Guard Tower
35:45 Guard Tower
36:48 Town Hall
47:37 Farm
47:51 Farm
48:28 Farm
48:40 Farm
49:28 Farm
49:43 Farm
52:25 Farm
52:42 Farm
53:14 Farm
53:19 Farm
53:22 Scout Tower
53:42 Farm
53:54 Scout Tower
54:04 Arcane Tower
54:12 Scout Tower
54:16 Scout Tower
54:42 Scout Tower
54:54 Arcane Tower
54:59 Scout Tower
55:07 Arcane Tower
55:36 Arcane Tower
56:10 Scout Tower
56:13 Arcane Tower
56:53 Arcane Tower
57:02 Arcane Tower
57:12 Scout Tower
57:39 Scout Tower
» items
| Scroll of Town Portal | 4 | |
| Orb of Fire | 1 | |
| Boots of Speed | 1 | |
6 total
ProBlightCause (
teal | 77 APM | 4472 actions | 58:25)
6 Crypt Lord
2 Carrion Beetles
3 Impale
1 Locust Swarm
» actions
| Assign group hotkey | 210 | |
| Basic commands | 176 | |
| Build / train | 77 | |
| ESC pressed | 7 | |
| Enter build submenu | 317 | |
| Enter hero's abilities submenu | 6 | |
| Give item / drop item | 2 | |
| Right click | 2273 | |
| Select / deselect | 765 | |
| Select group hotkey | 250 | |
| Use ability | 387 | |
4472 total
» units
» buildings
| Crypt | 23 | |
| Altar of Darkness | 34 | |
| Ziggurat | 124 | |
| Graveyard | 16 | |
| Tomb of Relics | 45 | |
| Necropolis | 35 | |
| Halls of the Dead | 1 | |
| Spirit Tower | 3 | |
| Nerubian Tower | 2 | |
| Temple of the Damned | 5 | |
| Slaughterhouse | 2 | |
| Black Citadel | 1 | |
| Sacrificial Pit | 6 | |
| Boneyard | 1 | |
298 total
» build order
00:40 Crypt
00:43 Altar of Darkness
00:54 Ziggurat
00:58 Graveyard
01:21 Tomb of Relics
01:30 Ziggurat
02:31 Ziggurat
04:27 Necropolis
04:28 Ziggurat
04:41 Ziggurat
04:56 Ziggurat
05:21 Necropolis
05:36 Ziggurat
06:38 Ziggurat
06:54 Crypt
06:58 Altar of Darkness
07:12 Ziggurat
07:26 Ziggurat
07:38 Necropolis
07:45 Necropolis
08:11 Altar of Darkness
08:25 Necropolis
08:27 Halls of the Dead
08:38 Graveyard
08:45 Crypt
08:46 Tomb of Relics
09:28 Crypt
09:56 Ziggurat
09:58 Ziggurat
10:02 Ziggurat
10:04 Crypt
10:07 Tomb of Relics
10:49 Tomb of Relics
10:54 Necropolis
10:58 Ziggurat
10:59 Ziggurat
11:18 Ziggurat
11:19 Ziggurat
11:21 Crypt
11:27 Ziggurat
11:29 Altar of Darkness
11:31 Ziggurat
11:34 Tomb of Relics
11:52 Ziggurat
11:57 Spirit Tower
11:59 Nerubian Tower
12:00 Spirit Tower
12:29 Temple of the Damned
13:10 Ziggurat
13:13 Ziggurat
13:58 Ziggurat
14:01 Tomb of Relics
14:02 Slaughterhouse
14:06 Necropolis
14:07 Ziggurat
14:10 Ziggurat
14:24 Crypt
14:33 Ziggurat
14:35 Altar of Darkness
14:42 Necropolis
14:56 Necropolis
15:02 Necropolis
15:08 Ziggurat
15:09 Ziggurat
15:12 Tomb of Relics
15:14 Slaughterhouse
15:20 Ziggurat
15:25 Necropolis
15:27 Ziggurat
15:39 Black Citadel
15:46 Ziggurat
15:47 Crypt
16:05 Crypt
16:06 Temple of the Damned
16:07 Nerubian Tower
16:13 Necropolis
16:17 Spirit Tower
16:23 Crypt
16:24 Crypt
16:38 Ziggurat
16:41 Necropolis
16:53 Altar of Darkness
16:55 Altar of Darkness
16:56 Temple of the Damned
16:59 Ziggurat
16:59 Ziggurat
17:25 Altar of Darkness
17:30 Necropolis
17:38 Temple of the Damned
18:05 Ziggurat
18:07 Ziggurat
18:53 Altar of Darkness
18:56 Ziggurat
18:59 Crypt
19:00 Tomb of Relics
19:01 Ziggurat
19:02 Ziggurat
19:37 Ziggurat
19:38 Crypt
20:12 Ziggurat
20:13 Ziggurat
20:15 Necropolis
20:19 Sacrificial Pit
20:21 Sacrificial Pit
20:22 Ziggurat
20:26 Altar of Darkness
20:42 Altar of Darkness
20:43 Tomb of Relics
20:44 Ziggurat
20:46 Crypt
20:47 Sacrificial Pit
20:48 Ziggurat
20:49 Ziggurat
21:17 Ziggurat
21:19 Ziggurat
21:29 Crypt
21:30 Tomb of Relics
21:33 Ziggurat
21:34 Altar of Darkness
21:46 Tomb of Relics
21:48 Tomb of Relics
21:49 Tomb of Relics
22:08 Altar of Darkness
22:09 Ziggurat
22:10 Crypt
22:11 Tomb of Relics
22:12 Sacrificial Pit
22:15 Necropolis
22:36 Boneyard
22:38 Ziggurat
23:05 Necropolis
23:17 Necropolis
23:49 Ziggurat
23:51 Crypt
23:53 Tomb of Relics
23:54 Altar of Darkness
24:09 Ziggurat
24:10 Ziggurat
24:12 Tomb of Relics
24:14 Sacrificial Pit
24:16 Ziggurat
24:30 Altar of Darkness
24:31 Ziggurat
24:32 Ziggurat
24:33 Necropolis
24:47 Altar of Darkness
24:49 Ziggurat
25:00 Tomb of Relics
25:06 Ziggurat
25:07 Altar of Darkness
25:08 Sacrificial Pit
25:10 Temple of the Damned
25:11 Necropolis
25:13 Ziggurat
25:13 Ziggurat
25:14 Altar of Darkness
25:16 Crypt
25:17 Ziggurat
25:18 Tomb of Relics
25:19 Necropolis
26:03 Necropolis
26:06 Ziggurat
26:10 Altar of Darkness
26:11 Tomb of Relics
26:12 Ziggurat
26:15 Altar of Darkness
26:16 Tomb of Relics
26:17 Crypt
26:29 Ziggurat
26:30 Ziggurat
27:05 Tomb of Relics
27:15 Graveyard
27:16 Crypt
32:04 Necropolis
37:06 Graveyard
37:07 Ziggurat
37:07 Ziggurat
37:08 Tomb of Relics
37:10 Crypt
37:11 Altar of Darkness
37:12 Ziggurat
37:14 Tomb of Relics
37:16 Necropolis
37:17 Altar of Darkness
37:19 Tomb of Relics
37:22 Ziggurat
37:22 Ziggurat
37:23 Necropolis
37:24 Altar of Darkness
37:25 Ziggurat
37:27 Tomb of Relics
37:28 Altar of Darkness
37:51 Ziggurat
37:56 Ziggurat
41:45 Ziggurat
41:45 Ziggurat
41:46 Altar of Darkness
41:47 Tomb of Relics
41:50 Necropolis
41:52 Ziggurat
41:52 Ziggurat
41:54 Tomb of Relics
42:17 Ziggurat
42:17 Ziggurat
42:24 Altar of Darkness
42:25 Tomb of Relics
42:41 Ziggurat
42:43 Tomb of Relics
42:44 Ziggurat
46:19 Necropolis
46:21 Ziggurat
46:21 Ziggurat
46:24 Tomb of Relics
46:25 Necropolis
46:27 Ziggurat
46:28 Ziggurat
46:30 Tomb of Relics
46:31 Crypt
46:34 Altar of Darkness
46:44 Ziggurat
47:13 Crypt
47:14 Altar of Darkness
47:15 Tomb of Relics
47:16 Ziggurat
47:17 Ziggurat
47:18 Graveyard
47:20 Necropolis
53:54 Altar of Darkness
53:56 Ziggurat
53:58 Necropolis
54:01 Tomb of Relics
54:02 Ziggurat
54:05 Graveyard
54:06 Tomb of Relics
54:08 Altar of Darkness
54:09 Tomb of Relics
54:11 Graveyard
54:12 Ziggurat
54:12 Ziggurat
54:14 Tomb of Relics
54:16 Necropolis
54:17 Altar of Darkness
54:18 Ziggurat
54:18 Ziggurat
54:21 Graveyard
54:22 Tomb of Relics
54:24 Altar of Darkness
54:24 Ziggurat
54:26 Ziggurat
54:27 Tomb of Relics
54:29 Graveyard
54:29 Ziggurat
54:30 Ziggurat
54:32 Tomb of Relics
54:34 Graveyard
54:35 Ziggurat
54:35 Ziggurat
54:37 Tomb of Relics
54:38 Altar of Darkness
54:39 Graveyard
54:39 Ziggurat
54:40 Ziggurat
54:43 Necropolis
54:46 Ziggurat
54:47 Ziggurat
54:49 Tomb of Relics
54:50 Graveyard
54:50 Ziggurat
54:51 Ziggurat
54:53 Tomb of Relics
54:55 Altar of Darkness
54:56 Tomb of Relics
54:57 Ziggurat
54:58 Ziggurat
54:58 Ziggurat
55:00 Graveyard
55:03 Necropolis
56:03 Necropolis
56:04 Ziggurat
56:04 Ziggurat
57:05 Ziggurat
57:06 Necropolis
57:09 Ziggurat
57:10 Tomb of Relics
57:13 Graveyard
57:14 Ziggurat
57:14 Ziggurat
57:20 Ziggurat
57:20 Ziggurat
57:55 Ziggurat
57:55 Ziggurat
57:56 Tomb of Relics
57:57 Graveyard
57:58 Ziggurat
58:00 Graveyard
58:01 Ziggurat
58:02 Ziggurat
» items
| Rod of Necromancy | 5 | |
| Boots of Speed | 1 | |
| Staff of Teleportation | 1 | |
| Orb of Corruption | 1 | |
| Periapt of Vitality | 1 | |
9 total

»
Viper64 (
blue | 43 APM | 2523 actions | 58:25)
10 Keeper of the Grove
3 Force of Nature
3 Entangling Roots
1 Tranquility
3 Thorns Aura
» actions
| Assign group hotkey | 19 | |
| Build / train | 88 | |
| Enter build submenu | 37 | |
| Enter hero's abilities submenu | 10 | |
| Right click | 904 | |
| Select / deselect | 249 | |
| Select group hotkey | 1111 | |
| Use ability | 105 | |
2523 total
» units
| Wisp | 31 | |
| Archer | 7 | |
| Huntress | 1 | |
| Chimaera | 10 | |
| Hippogryph | 11 | |
60 total
» upgrades
| Strength of the Wild | 3 | |
| Reinforced Hides | 3 | |
| Corrosive Breath | 1 | |
7 total
» buildings
| Moon Well | 13 | |
| Altar of Elders | 1 | |
| Ancient of War | 1 | |
| Tree of Ages | 1 | |
| Tree of Life | 3 | |
| Tree of Eternity | 1 | |
| Hunter's Hall | 1 | |
| Ancient of Wind | 3 | |
| Ancient Protector | 7 | |
| Chimaera Roost | 5 | |
36 total
» build order
00:21 Moon Well
00:35 Altar of Elders
01:25 Ancient of War
01:29 Moon Well
02:00 Moon Well
02:41 Tree of Ages
04:57 Tree of Life
05:47 Tree of Eternity
05:50 Hunter's Hall
05:55 Ancient of Wind
06:01 Ancient of Wind
08:36 Ancient Protector
08:40 Ancient Protector
08:43 Ancient Protector
08:53 Chimaera Roost
08:56 Chimaera Roost
09:01 Moon Well
09:05 Moon Well
09:55 Moon Well
10:08 Moon Well
11:44 Moon Well
13:32 Moon Well
13:56 Moon Well
17:12 Ancient of Wind
17:23 Moon Well
17:25 Ancient Protector
17:29 Ancient Protector
17:37 Ancient Protector
17:41 Moon Well
17:45 Ancient Protector
25:20 Tree of Life
25:23 Tree of Life
25:52 Chimaera Roost
25:54 Chimaera Roost
25:56 Chimaera Roost
26:38 Moon Well
» items
| Boots of Speed | 1 | |
| Scroll of Healing | 1 | |
| Staff of Teleportation | 1 | |
| Potion of Lesser Invulnerability | 1 | |
| Scroll of Town Portal | 3 | |
| Dust of Appearance | 1 | |
8 total
muffin55 (
green | 29 APM | 1685 actions | 58:25)
9 Death Knight
3 Death Coil
3 Unholy Aura
2 Death Pact
1 Animate Dead
» actions
| Assign group hotkey | 6 | |
| Basic commands | 80 | |
| Build / train | 113 | |
| ESC pressed | 1 | |
| Enter build submenu | 24 | |
| Enter hero's abilities submenu | 9 | |
| Right click | 296 | |
| Select / deselect | 1042 | |
| Select group hotkey | 31 | |
| Use ability | 83 | |
1685 total
» units
| Acolyte | 13 | |
| Ghoul | 5 | |
| Necromancer | 19 | |
| Obsidian Statue | 6 | |
| Meatwagon | 5 | |
| Crypt Fiend | 8 | |
| Abomination | 9 | |
65 total
» upgrades
| Unholy Strength | 3 | |
| Unholy Armor | 3 | |
| Skeletal Longevity | 1 | |
| Necromancer Training | 2 | |
| Exhume Corpses | 1 | |
| Skeletal Mastery | 1 | |
| Backpack | 1 | |
| Creature Attack | 3 | |
| Creature Carapace | 3 | |
| Web | 1 | |
| Disease Cloud | 1 | |
| Destroyer Form | 1 | |
| Banshee Training | 1 | |
| Cannibalize | 1 | |
| Ghoul Frenzy | 1 | |
| Burrow | 1 | |
| Stone Form | 1 | |
26 total
» buildings
| Altar of Darkness | 1 | |
| Crypt | 1 | |
| Ziggurat | 9 | |
| Graveyard | 1 | |
| Nerubian Tower | 2 | |
| Tomb of Relics | 1 | |
| Halls of the Dead | 1 | |
| Spirit Tower | 6 | |
| Temple of the Damned | 1 | |
| Slaughterhouse | 1 | |
| Black Citadel | 1 | |
| Sacrificial Pit | 3 | |
28 total
» build order
00:10 Altar of Darkness
00:14 Crypt
00:39 Ziggurat
01:04 Graveyard
01:19 Ziggurat
02:42 Ziggurat
02:45 Nerubian Tower
02:50 Tomb of Relics
03:36 Halls of the Dead
04:02 Spirit Tower
04:16 Ziggurat
04:21 Ziggurat
04:39 Spirit Tower
05:58 Temple of the Damned
06:06 Slaughterhouse
06:11 Nerubian Tower
06:42 Spirit Tower
06:47 Ziggurat
08:08 Black Citadel
23:38 Ziggurat
23:41 Ziggurat
24:17 Ziggurat
24:38 Spirit Tower
24:40 Spirit Tower
25:09 Spirit Tower
54:33 Sacrificial Pit
54:40 Sacrificial Pit
55:50 Sacrificial Pit
» items
| Rod of Necromancy | 1 | |
| Potion of Healing | 1 | |
2 total
team 2 (winner)
OMG_BLIGHT (
orange | 44 APM | 2560 actions | 58:25)
6 Dark Ranger
3 Black Arrow
2 Silence
1 Charm
» actions
| Assign group hotkey | 69 | |
| Basic commands | 102 | |
| Build / train | 102 | |
| ESC pressed | 9 | |
| Enter build submenu | 106 | |
| Enter hero's abilities submenu | 6 | |
| Remove unit from queue | 2 | |
| Right click | 1472 | |
| Select / deselect | 334 | |
| Select group hotkey | 167 | |
| Use ability | 191 | |
2560 total
» units
» buildings
| Necropolis | 102 | |
| Altar of Darkness | 3 | |
| Ziggurat | 32 | |
| Crypt | 2 | |
| Tomb of Relics | 2 | |
| Halls of the Dead | 12 | |
| Graveyard | 1 | |
| Spirit Tower | 7 | |
| Black Citadel | 2 | |
163 total
» build order
00:09 Necropolis
01:00 Necropolis
01:09 Necropolis
01:46 Necropolis
02:10 Necropolis
02:45 Necropolis
03:03 Altar of Darkness
03:20 Altar of Darkness
03:45 Necropolis
04:08 Necropolis
04:51 Necropolis
05:24 Necropolis
05:41 Necropolis
06:50 Necropolis
07:49 Necropolis
09:49 Necropolis
10:45 Necropolis
11:08 Necropolis
11:16 Necropolis
11:21 Necropolis
12:13 Necropolis
12:25 Ziggurat
12:28 Crypt
12:40 Tomb of Relics
13:20 Necropolis
13:46 Necropolis
14:17 Necropolis
14:19 Necropolis
14:22 Necropolis
14:26 Necropolis
14:27 Necropolis
14:28 Necropolis
16:25 Necropolis
16:26 Necropolis
16:27 Necropolis
17:24 Necropolis
17:27 Necropolis
17:28 Necropolis
17:30 Necropolis
17:32 Necropolis
17:34 Necropolis
17:35 Necropolis
17:36 Necropolis
18:14 Necropolis
18:16 Necropolis
18:47 Necropolis
19:17 Necropolis
19:31 Halls of the Dead
19:34 Halls of the Dead
20:07 Necropolis
20:10 Necropolis
20:13 Necropolis
20:40 Necropolis
20:42 Necropolis
20:46 Necropolis
20:48 Necropolis
20:49 Necropolis
20:52 Necropolis
20:54 Necropolis
21:58 Necropolis
21:59 Necropolis
22:02 Necropolis
23:31 Necropolis
23:34 Necropolis
23:35 Necropolis
23:36 Necropolis
23:37 Necropolis
23:40 Necropolis
23:42 Necropolis
23:43 Necropolis
23:49 Necropolis
23:51 Necropolis
23:54 Necropolis
23:56 Necropolis
24:06 Halls of the Dead
24:42 Necropolis
24:43 Necropolis
24:44 Necropolis
24:47 Necropolis
24:49 Necropolis
24:50 Necropolis
25:09 Crypt
25:35 Necropolis
25:39 Necropolis
25:43 Necropolis
26:05 Necropolis
26:11 Necropolis
26:23 Necropolis
26:41 Halls of the Dead
27:27 Necropolis
27:30 Necropolis
27:35 Necropolis
28:03 Halls of the Dead
28:32 Halls of the Dead
28:42 Graveyard
29:25 Necropolis
29:38 Necropolis
29:41 Necropolis
29:46 Necropolis
29:50 Necropolis
29:51 Necropolis
29:52 Necropolis
29:56 Halls of the Dead
29:59 Ziggurat
30:00 Ziggurat
30:00 Ziggurat
30:04 Ziggurat
30:11 Ziggurat
30:12 Ziggurat
30:12 Ziggurat
30:13 Ziggurat
30:13 Ziggurat
30:14 Ziggurat
30:16 Ziggurat
30:16 Ziggurat
30:16 Ziggurat
30:18 Ziggurat
30:19 Ziggurat
30:20 Ziggurat
30:23 Ziggurat
30:23 Ziggurat
30:23 Ziggurat
30:55 Spirit Tower
30:58 Spirit Tower
30:59 Spirit Tower
31:06 Ziggurat
31:08 Ziggurat
31:08 Ziggurat
31:09 Ziggurat
31:10 Ziggurat
31:12 Ziggurat
31:13 Ziggurat
31:14 Ziggurat
31:19 Spirit Tower
31:26 Spirit Tower
32:19 Halls of the Dead
32:32 Halls of the Dead
32:34 Spirit Tower
33:32 Halls of the Dead
33:35 Ziggurat
33:35 Ziggurat
33:37 Ziggurat
36:42 Spirit Tower
36:48 Altar of Darkness
39:54 Necropolis
39:59 Necropolis
40:20 Necropolis
40:23 Necropolis
40:28 Necropolis
40:31 Necropolis
40:32 Necropolis
40:35 Necropolis
40:36 Necropolis
40:38 Necropolis
42:05 Necropolis
42:10 Necropolis
42:14 Necropolis
42:34 Ziggurat
42:40 Tomb of Relics
45:07 Black Citadel
45:08 Halls of the Dead
45:21 Halls of the Dead
45:24 Black Citadel
» items
| Staff of Teleportation | 1 | |
| Boots of Speed | 1 | |
| Potion of Invisibility | 1 | |
3 total
KotikVsTheWorld (
pink | 41 APM | 2421 actions | 58:26)
5 Pandaren Brewmaster
3 Breath of Fire
2 Drunken Haze
4 Naga Sea Witch
2 Frost Arrows
2 Forked Lightning
2 Archmage
1 Blizzard
1 Brilliance Aura
» actions
| Assign group hotkey | 46 | |
| Basic commands | 82 | |
| Build / train | 95 | |
| ESC pressed | 5 | |
| Enter build submenu | 30 | |
| Enter hero's abilities submenu | 13 | |
| Give item / drop item | 2 | |
| Right click | 816 | |
| Select / deselect | 689 | |
| Select group hotkey | 510 | |
| Use ability | 133 | |
2421 total
» units
| Peasant | 13 | |
| Rifleman | 18 | |
| Mortar Team | 1 | |
| Siege Engine | 8 | |
| Forest Troll Shadow Priest | 1 | |
| Forest Troll Berserker | 1 | |
| Mud Golem | 1 | |
| Ogre Mauler | 2 | |
| Footman | 1 | |
46 total
» upgrades
| Masonry | 2 | |
| Long Rifles | 1 | |
| Gunpowder | 3 | |
| Flare | 1 | |
| Plating | 3 | |
| Barrage | 1 | |
| Fragmentation Shards | 1 | |
| Armor | 2 | |
14 total
» buildings
| Altar of Kings | 3 | |
| Barracks | 2 | |
| Farm | 9 | |
| Lumber Mill | 1 | |
| Arcane Vault | 2 | |
| Blacksmith | 1 | |
| Keep | 2 | |
| Scout Tower | 1 | |
| Arcane Tower | 1 | |
| Gryphon Aviary | 1 | |
| Workshop | 4 | |
| Castle | 2 | |
| Town Hall | 3 | |
32 total
» build order
00:13 Altar of Kings
00:16 Barracks
00:23 Farm
01:45 Farm
01:54 Farm
02:18 Farm
02:33 Lumber Mill
02:51 Arcane Vault
03:19 Blacksmith
03:52 Keep
05:23 Farm
05:33 Scout Tower
06:23 Arcane Tower
06:27 Gryphon Aviary
07:35 Workshop
08:31 Castle
08:57 Workshop
10:04 Farm
10:06 Farm
11:35 Town Hall
21:34 Altar of Kings
21:39 Farm
21:44 Barracks
24:48 Arcane Vault
25:18 Keep
34:26 Workshop
34:30 Castle
36:22 Workshop
36:47 Farm
39:48 Town Hall
42:54 Town Hall
43:59 Altar of Kings
» items
| Lesser Clarity Potion | 3 | |
| Mechanical Critter | 2 | |
| Scroll of Regeneration | 3 | |
| Scroll of Town Portal | 3 | |
| Potion of Healing | 4 | |
15 total

»
PLEASUREMAN (
purple | 36 APM | 2089 actions | 58:25)
7 Far Seer
3 Feral Spirit
3 Far Sight
1 Earth Quake
6 Shadow Hunter
2 Healing Wave
3 Hex
1 Big Bad Voodoo
2 Blademaster
1 Wind Walk
1 Critical Strike
» actions
| Assign group hotkey | 35 | |
| Basic commands | 165 | |
| Build / train | 96 | |
| Enter build submenu | 44 | |
| Enter hero's abilities submenu | 16 | |
| Give item / drop item | 8 | |
| Remove unit from queue | 3 | |
| Right click | 423 | |
| Select / deselect | 441 | |
| Select group hotkey | 744 | |
| Use ability | 113 | |
2089 total
» units
| Peon | 21 | |
| Grunt | 8 | |
| Troll Headhunter/Berserker | 4 | |
| Shaman | 7 | |
| Kodo Beast | 1 | |
| Troll Witch Doctor | 1 | |
42 total
» upgrades
| Berserker Strength | 1 | |
| Pillage | 1 | |
| Troll Regeneration | 1 | |
| Shaman Training | 2 | |
| Armor | 2 | |
| Berserker Upgrade | 1 | |
| Melee Weapons | 3 | |
| Ranged Weapons | 3 | |
| Reinforced Defenses | 1 | |
| Spiked Barricades | 2 | |
| Witch Doctor Training | 1 | |
| Backpack | 1 | |
19 total
» buildings
| Altar of Storms | 2 | |
| Orc Burrow | 19 | |
| Barracks | 5 | |
| Stronghold | 2 | |
| Voodoo Lounge | 2 | |
| Great Hall | 6 | |
| War Mill | 2 | |
| Spirit Lodge | 4 | |
| Fortress | 2 | |
| Beastiary | 2 | |
| Tauren Totem | 1 | |
47 total
» build order
01:03 Altar of Storms
01:05 Orc Burrow
01:09 Barracks
01:10 Barracks
02:16 Orc Burrow
02:28 Orc Burrow
04:30 Stronghold
05:00 Voodoo Lounge
05:21 Orc Burrow
05:26 Orc Burrow
06:22 Great Hall
06:25 Great Hall
08:11 War Mill
08:36 Spirit Lodge
08:37 Spirit Lodge
09:19 Fortress
10:34 Beastiary
12:46 Orc Burrow
15:25 Tauren Totem
16:39 Great Hall
16:41 Orc Burrow
18:34 Voodoo Lounge
19:18 Altar of Storms
19:19 Orc Burrow
19:20 Orc Burrow
19:20 Orc Burrow
19:23 War Mill
19:27 Orc Burrow
19:30 Orc Burrow
20:28 Great Hall
20:31 Orc Burrow
21:35 Stronghold
24:37 Barracks
24:39 Barracks
24:42 Barracks
24:47 Spirit Lodge
24:48 Spirit Lodge
27:05 Fortress
28:24 Great Hall
28:47 Beastiary
29:55 Orc Burrow
30:13 Orc Burrow
34:25 Orc Burrow
34:27 Orc Burrow
34:28 Orc Burrow
37:53 Great Hall
37:55 Orc Burrow
» items
| Lesser Clarity Potion | 1 | |
| Healing Salve | 3 | |
| Scroll of Speed | 2 | |
| Scroll of Protection | 1 | |
| Orb of Lightning | 1 | |
| Scroll of Town Portal | 3 | |
| Potion of Lesser Invulnerability | 1 | |
12 total
michelangelo19 (
red | 12 APM | 672 actions | 58:25)
2 Priestess of the Moon
1 Trueshot Aura
1 Searing Arrows
» actions
| Assign group hotkey | 6 | |
| Build / train | 75 | |
| Enter build submenu | 51 | |
| Enter hero's abilities submenu | 2 | |
| Remove unit from queue | 1 | |
| Right click | 268 | |
| Select / deselect | 192 | |
| Select group hotkey | 20 | |
| Use ability | 57 | |
672 total
» units
| Wisp | 33 | |
| Hippogryph | 19 | |
| Chimaera | 12 | |
64 total
» upgrades
| Corrosive Breath | 1 | |
| Strength of the Wild | 1 | |
| Reinforced Hides | 1 | |
3 total
» buildings
| Moon Well | 14 | |
| Hunter's Hall | 2 | |
| Ancient Protector | 13 | |
| Tree of Ages | 2 | |
| Ancient of Wind | 2 | |
| Altar of Elders | 2 | |
| Tree of Eternity | 2 | |
| Chimaera Roost | 3 | |
| Tree of Life | 2 | |
42 total
» build order
00:18 Moon Well
01:39 Hunter's Hall
02:50 Ancient Protector
02:57 Ancient Protector
03:05 Ancient Protector
03:29 Moon Well
04:01 Tree of Ages
04:16 Ancient Protector
04:43 Moon Well
05:22 Moon Well
06:33 Ancient of Wind
06:48 Moon Well
08:01 Altar of Elders
08:10 Moon Well
09:20 Tree of Eternity
10:40 Ancient Protector
11:49 Chimaera Roost
11:54 Chimaera Roost
13:02 Ancient Protector
14:32 Moon Well
22:01 Hunter's Hall
28:52 Ancient Protector
28:57 Ancient Protector
29:01 Ancient Protector
29:07 Ancient Protector
29:28 Tree of Life
31:00 Moon Well
32:36 Tree of Ages
32:53 Ancient Protector
34:36 Ancient Protector
35:09 Tree of Eternity
35:23 Moon Well
36:46 Moon Well
37:09 Ancient of Wind
37:58 Moon Well
39:40 Moon Well
39:53 Ancient Protector
40:07 Moon Well
40:21 Chimaera Roost
41:54 Altar of Elders
42:04 Moon Well
45:09 Tree of Life
Chat log
(00:14 / All) OMG_BLIGHT: excellent, perfect map for this
(00:24 / All) ProBlightCause: I would like to INTRODUCE you to a DEMONSTRATION of this scientific experiMENT.
(00:32 / All) ProBlightCause: This is for SCIENCE.
(01:29 / All) OMG_BLIGHT: SCIENCE BITCHES
(01:30 / All) OMG_BLIGHT: IT WORKS
(01:39 / All) ProBlightCause: Rick Santorum says you're wrong.
(01:49 / All) OMG_BLIGHT: WHO IS THAT NIGGER?
(01:57 / All) KotikVsTheWorld: WHAT IS IT WITH RICKS?
(02:05 / All) OMG_BLIGHT: ER I MEAN UNSUCCESSFUL AND UNATTRACTIVE ASIAN AMERICAN
(02:31 / All) muffin55: lets all just be happy with our black prez
(02:37 / All) ProBlightCause: Oh boy.
(02:41 / All) ProBlightCause: Trollcraft III discussion is on.
(03:12 / All) OMG_BLIGHT: am I allowed a hero or is that cheating
(03:17 / All) ProBlightCause: that's fine
(03:23 / All) OMG_BLIGHT: 'k
(03:34 / Allies) KotikVsTheWorld: gonna try to harass a little
(03:35 / All) ProBlightCause: you can be a bit creative about this btw
(03:37 / All) ProBlightCause: good base design
(03:39 / All) ProBlightCause: still integral
(03:48 / All) OMG_BLIGHT: I dont follow?
(03:55 / All) ProBlightCause: make it look like you're the A.I.
(03:57 / All) ProBlightCause: in the campaign
(04:12 / All) OMG_BLIGHT: I wouldnt know how :|
(04:13 / All) muffin55: so ill just get a few of every unit?
(04:21 / Allies) PLEASUREMAN: i think orange may be a griefer
(04:29 / Allies) KotikVsTheWorld: doubtful
(04:35 / All) OMG_BLIGHT: lolol "i think orange may be a griefer"
(04:38 / All) ProBlightCause: You got it.
(04:42 / All) OMG_BLIGHT: go back to WoW
(04:43 / All) ProBlightCause: Scout my base.
(04:46 / All) OMG_BLIGHT: lol "griefer"
(04:57 / All) OMG_BLIGHT: where is your base?
(05:02 / All) ProBlightCause: 12
(05:04 / All) ProBlightCause: dammit scout for once
(05:05 / All) ProBlightCause: lol
(05:08 / All) OMG_BLIGHT: omw
(05:09 / Allies) KotikVsTheWorld: yeah that dind't do much
(05:16 / Allies) KotikVsTheWorld: just drained all his wells
(05:19 / Allies) KotikVsTheWorld: and a couple wisps
(05:52 / All) OMG_BLIGHT: just dont kill my scout kk?
(05:57 / All) ProBlightCause: btw you guys are going to have to carry me
(05:58 / All) ProBlightCause: and orange
(06:16 / All) OMG_BLIGHT: comps dont wall off their mines
(06:23 / All) ProBlightCause: yeah
(06:24 / All) ProBlightCause: that's necessary
(07:19 / All) ProBlightCause: btw in case you guys haven't figured out
(07:20 / All) ProBlightCause: it's 3v3
(07:26 / All) OMG_BLIGHT: Indeed
(07:27 / Allies) KotikVsTheWorld: shop please red
(08:03 / All) ProBlightCause: stop it pies
(08:09 / All) KotikVsTheWorld: why
(08:17 / All) ProBlightCause: because your frog was ugly
(08:20 / All) KotikVsTheWorld: shiiiit
(08:44 / All) KotikVsTheWorld: how did you know
(08:46 / All) KotikVsTheWorld: About my FROGO?
(08:55 / All) ProBlightCause: because you ran it right into my crypt lord
(08:58 / All) KotikVsTheWorld: oh
(09:05 / Allies) KotikVsTheWorld: shop please red
(09:09 / All) ProBlightCause: and frogs don't keep running
(09:10 / Allies) KotikVsTheWorld: make an ancicent on wonders
(09:13 / All) ProBlightCause: unless they're fake
(09:40 / All) KotikVsTheWorld: yeah i guess
(09:43 / All) ProBlightCause: fuck your raccoon
(09:46 / All) KotikVsTheWorld: LOL
(10:09 / All) OMG_BLIGHT: btw team you might want to get expansions
(10:15 / All) OMG_BLIGHT: cause if I take them you're not getting the gold
(10:53 / Allies) KotikVsTheWorld: wood please someone
(11:03 / Allies) KotikVsTheWorld: thank
(12:22 / Allies) PLEASUREMAN: orange make a shop
(12:23 / Allies) KotikVsTheWorld: red just make sure you pay attention to your priestess
(12:26 / Allies) KotikVsTheWorld: and dont' run into death
(12:49 / All) KotikVsTheWorld: Viper takes a weak third!
(13:35 / All) KotikVsTheWorld: crap
(13:37 / All) ProBlightCause: okay look don't make me get units
(14:21 / Allies) KotikVsTheWorld: gonna hit blue with tanks soon
(14:40 / Allies) KotikVsTheWorld: lol
(15:09 / Allies) KotikVsTheWorld: ok hitting blue now
(15:12 / Allies) OMG_BLIGHT: lol aco creeping
(15:33 / All) ProBlightCause: my base is better than yours teelo
(15:40 / All) OMG_BLIGHT: :(
(15:50 / All) ProBlightCause: let's combine bases
(15:54 / All) OMG_BLIGHT: omw
(17:03 / All) OMG_BLIGHT: OMG RED HAS 6000 GOLD WHAT A FUCKING NOOB
(17:08 / All) ProBlightCause: are you for serious
(17:08 / All) ProBlightCause: lol
(17:11 / All) KotikVsTheWorld: Yeah
(17:16 / All) KotikVsTheWorld: he hasn't done much
(17:51 / All) ProBlightCause: when do you think they figure out what's going on
(18:03 / All) OMG_BLIGHT: Noone on my team has expos besides me
(18:05 / All) OMG_BLIGHT: not even pies
(18:05 / All) OMG_BLIGHT: lol
(18:06 / All) KotikVsTheWorld: i think they did when you said "IT'S 3v3 GUYS"
(18:08 / All) ProBlightCause: lol
(18:12 / All) KotikVsTheWorld: oh yeah
(18:14 / All) KotikVsTheWorld: forgo ti built that
(18:15 / All) ProBlightCause: GTFO
(18:16 / All) ProBlightCause: I WILL FUCK YOU UP
(18:33 / All) OMG_BLIGHT: FUCK OFF BLUE WHAT DID I EVER DO TO YOU
(19:16 / All) muffin55: sorry oj
(19:31 / All) ProBlightCause: seriously
(19:32 / All) ProBlightCause: wtf is going on
(19:49 / All) ProBlightCause: you morons
(19:50 / All) ProBlightCause: jesus
(19:55 / All) ProBlightCause: we're massing blight
(19:58 / All) ProBlightCause: And you guys want to fucking base race
(20:00 / All) ProBlightCause: are you that stupid
(20:02 / All) KotikVsTheWorld: lol
(20:14 / All) KotikVsTheWorld: yeah
(20:30 / All) OMG_BLIGHT: LOL RED STILL HAS 6000 GOLD WTF
(20:51 / All) KotikVsTheWorld: yeah ok this is sucking
(20:52 / All) ProBlightCause: i remember when i was younger
(20:55 / All) ProBlightCause: and i have a kid over at my place
(20:57 / All) ProBlightCause: and he had 10000 gold
(21:03 / All) ProBlightCause: and i told him to spend it
(21:06 / All) ProBlightCause: and he said "ON WHATTT"
(21:53 / All) OMG_BLIGHT: OMG STOP KILLING ME U JERKS
(22:27 / All) KotikVsTheWorld: i like how
(22:32 / All) KotikVsTheWorld: running 4 wounded tanks passed a base
(22:34 / All) KotikVsTheWorld: makes two people tp
(22:39 / All) KotikVsTheWorld: ii mean
(22:41 / All) KotikVsTheWorld: It won't help us
(22:43 / All) KotikVsTheWorld: but it's still neat
(22:48 / All) ProBlightCause: at this point
(22:53 / All) ProBlightCause: i expect someone to lose their hero to tanks
(22:54 / All) muffin55: and 3 people come to stop me
(23:04 / All) OMG_BLIGHT: i like how purp has one peon on his expo
(23:10 / All) KotikVsTheWorld: hahahah
(23:15 / All) KotikVsTheWorld: he really does
(23:24 / All) ProBlightCause: this is the worst RT game ever
(23:25 / All) ProBlightCause: seriously
(23:59 / All) KotikVsTheWorld: wish r1ce were here lol> he'd know how to spice this up more
(24:19 / All) ProBlightCause: it's chill dogg
(24:20 / All) ProBlightCause: i got this
(24:41 / All) KotikVsTheWorld: i don't have anything i can do
(24:42 / All) KotikVsTheWorld: since i'm dead
(24:55 / All) KotikVsTheWorld: Besides revive my panda
(24:59 / All) KotikVsTheWorld: and train units
(25:01 / All) KotikVsTheWorld: and gather resources
(25:45 / All) ProBlightCause: i still can't believe
(25:52 / All) ProBlightCause: we both decide to mass undead shit
(25:56 / All) ProBlightCause: and you guys wanna fucking base race
(25:57 / All) ProBlightCause: what the hell
(26:04 / All) KotikVsTheWorld: lol
(26:06 / All) KotikVsTheWorld: Wasn't my idea
(26:21 / All) ProBlightCause: why didn't you yell at them
(26:30 / All) KotikVsTheWorld: didn't care enough
(26:38 / All) ProBlightCause: gah
(26:58 / All) ProBlightCause: what are you giving me lumber for lol
(27:00 / All) OMG_BLIGHT: lol meat wagons
(27:06 / All) muffin55: have 3k got bored
(27:11 / All) ProBlightCause: fair enough
(27:45 / All) ProBlightCause: im gonna go post on the forums about this
(27:48 / All) ProBlightCause: i dont have any gold left
(27:49 / All) OMG_BLIGHT: kk
(27:53 / All) KotikVsTheWorld: how
(27:55 / All) OMG_BLIGHT: ive got 7k gold lol
(27:57 / All) Schaefwagon: i ahve never seen anything like this
(27:58 / All) KotikVsTheWorld: you have like a milion expoes
(28:00 / All) KotikVsTheWorld: LOL
(28:58 / Allies) KotikVsTheWorld: wood please someon1
(30:16 / All) KotikVsTheWorld: RUN BIIITch
(30:24 / All) ProBlightCause: b1111111tch*
(30:50 / All) ProBlightCause: btw
(30:53 / All) ProBlightCause: i call dibs on BlightMaster420
(30:57 / All) ProBlightCause: next game we do this
(30:58 / All) KotikVsTheWorld: aehaeh
(31:01 / All) OMG_BLIGHT: go ahead
(31:18 / All) ProBlightCause: YOU BROUGHT THIS GAME ON YOURSELVES
(31:35 / All) OMG_BLIGHT: FUCK IM OUT OF GOLD
(31:37 / All) OMG_BLIGHT: NOOOOOOOOOOOOOOOOOOOOOOOOOOOOOOOOOOO
(31:50 / All) OMG_BLIGHT: WHY DID YOU BASTARDS KILL MY EXPOS
(31:54 / All) KotikVsTheWorld: oh shit
(31:57 / All) KotikVsTheWorld: The one tank i had left died
(31:58 / All) KotikVsTheWorld: Somehow
(31:58 / All) ProBlightCause: IM RUNNING OFF THE RAILS
(32:00 / All) ProBlightCause: CAUSE IM JOHN MCCAIN
(32:13 / All) KotikVsTheWorld: |it muhst have killed like 15 necros
(32:14 / All) KotikVsTheWorld: on its own
(32:31 / All) ProBlightCause: yellow
(32:33 / All) ProBlightCause: you realize that
(32:35 / All) ProBlightCause: when you attack orange
(32:38 / All) ProBlightCause: you're attacking my base
(32:38 / All) ProBlightCause: right
(32:43 / All) ProBlightCause: oh im attacking your nec
(32:46 / All) ProBlightCause: sorry teelo
(33:12 / All) ProBlightCause: btw im so sorry for doing this to you guys
(33:22 / All) OMG_BLIGHT: dont be like that gaddo
(33:30 / All) KotikVsTheWorld: WE KNEW THE RISKS
(33:31 / All) KotikVsTheWorld: i mean
(33:33 / All) KotikVsTheWorld: maybe they didn't
(33:34 / All) KotikVsTheWorld: BUT WE DID
(34:17 / Allies) KotikVsTheWorld: wood pelase teelo
(34:28 / Allies) KotikVsTheWorld: thansk
(34:32 / All) ProBlightCause: man we did a number on the map
(34:43 / All) OMG_BLIGHT: so much blight
(35:26 / All) OMG_BLIGHT: HOW DAER U KILL HIS HERO
(35:28 / All) KotikVsTheWorld: fukk so close blue
(35:56 / All) KotikVsTheWorld: yeah
(36:01 / All) KotikVsTheWorld: I'm not entirely sure what's happening with this game
(36:02 / All) KotikVsTheWorld: I just know
(36:05 / All) KotikVsTheWorld: We' aren't winning
(36:17 / All) OMG_BLIGHT: really?
(37:12 / All) OMG_BLIGHT: pretty sure my teams losing
(37:22 / All) muffin55: safe bey
(37:23 / All) muffin55: Bet
(37:38 / All) ProBlightCause: everyday im circlin
(38:18 / Allies) KotikVsTheWorld: yeah
(38:20 / All) KotikVsTheWorld: yeah
(38:22 / All) KotikVsTheWorld: I'm dead
(38:35 / All) ProBlightCause: if you look at the map real closely
(38:38 / All) ProBlightCause: you can see a skull
(38:39 / All) OMG_BLIGHT: Im low on buildings, this will be over soon
(38:44 / All) ProBlightCause: with the eye sockets where blue and yellow's base are
(39:50 / All) ProBlightCause: oh come on purple
(40:00 / All) KotikVsTheWorld: lol
(40:02 / All) KotikVsTheWorld: Is he seriously
(40:03 / All) KotikVsTheWorld: doing that
(40:11 / All) OMG_BLIGHT: who what
(40:16 / All) KotikVsTheWorld: purp started an expo
(40:20 / All) KotikVsTheWorld: At teals established expo
(40:31 / All) muffin55: purps killing workers like most people do in the first min
(40:47 / All) ProBlightCause: kinda late to start
(41:34 / All) KotikVsTheWorld: surprised nobody's left yet
(41:39 / All) ProBlightCause: ditto
(41:40 / All) OMG_BLIGHT: yeah o.O
(42:16 / All) KotikVsTheWorld: purps bm
(42:18 / All) KotikVsTheWorld: Is now level two.
(42:19 / All) KotikVsTheWorld: ahahaha
(42:28 / All) OMG_BLIGHT: lol my DR is now level 6, time to charm some chims
(42:29 / All) ProBlightCause: it will die
(44:11 / All) OMG_BLIGHT: Im almost out of buildings now ghetto
(44:33 / All) KotikVsTheWorld: crap
(45:28 / All) KotikVsTheWorld: now i have nothing left
(45:37 / All) muffin55: just leave
(45:41 / All) KotikVsTheWorld: you leave
(45:43 / All) KotikVsTheWorld: YOu're the one that lost
(45:52 / All) muffin55: right...
(45:59 / All) ProBlightCause: lol
(46:07 / All) ProBlightCause: what's going on
(46:09 / All) ProBlightCause: i was tabbed
(46:13 / All) KotikVsTheWorld: i told green to leave
(46:16 / All) KotikVsTheWorld: for being bad
(46:21 / All) muffin55: first i told pink kindly to leave
(46:25 / All) muffin55: then he said i lost
(46:30 / All) muffin55: then i said right sarcastically
(46:38 / All) ProBlightCause: i understand
(46:42 / All) KotikVsTheWorld: Game.
(46:53 / All) ProBlightCause: NOT YETS
(46:57 / All) ProBlightCause: THEY KNOW
(47:04 / All) ProBlightCause: fuck i don't think i can conjure an army fast enough
(47:05 / All) ProBlightCause: to stop this
(48:02 / All) OMG_BLIGHT: fun game, thanks for this ghetto <3
(48:16 / All) Schaefwagon: seriously just leave
(48:16 / All) KotikVsTheWorld: If I pretend I set the colors to allies=teal then it looks like I win!
(48:30 / All) muffin55: oj trapped...
(48:32 / All) muffin55: jking
(48:45 / All) OMG_BLIGHT: wait i still have a building up?
(48:46 / All) OMG_BLIGHT: where
(48:46 / All) OMG_BLIGHT: what
(48:50 / Allies) KotikVsTheWorld: red
(48:57 / Allies) KotikVsTheWorld: Good job red.
(48:59 / All) OMG_BLIGHT: Oh there LOL
(49:00 / Allies) michelangelo19: yes
(49:01 / Allies) KotikVsTheWorld: You've done a good deed today.
(49:16 / All) OMG_BLIGHT: yes thanks red, I now respect you despite having 6000g and not spending it
(49:28 / All) OMG_BLIGHT: even though it was just me giving you 6000g so I'd have an excuse to complain about oyu
(49:28 / All) KotikVsTheWorld: well he apparently spent it at some point
(49:32 / All) KotikVsTheWorld: not traded to me though
(49:34 / All) KotikVsTheWorld: ffs
(49:57 / Allies) KotikVsTheWorld: i think that might ahve tipped htem off that red hid a building
(50:18 / All) KotikVsTheWorld: is purp really only level 2 still
(50:20 / All) KotikVsTheWorld: after all this
(50:21 / All) muffin55: well purps bm is dead
(50:22 / All) KotikVsTheWorld: what
(50:23 / Allies) OMG_BLIGHT: they dont know where
(51:31 / All) OMG_BLIGHT: JUST LEAVE U NOOBS, I HAVE AN INVISIBLE INVULNERABLE FARM HIDDEN ON THE MAP U WILL NEVER KILL
(51:34 / All) OMG_BLIGHT: CAUSE IM A LEET HACKER
(51:42 / All) KotikVsTheWorld: he turned your gold mines into farms
(53:08 / All) Schaefwagon: come on douche
(53:39 / All) ProBlightCause: Fuck, this game is still going?
(53:40 / All) ProBlightCause: Jesus.
(53:43 / All) KotikVsTheWorld: yeah LOL
(53:44 / All) OMG_BLIGHT: inorite
(53:45 / All) ProBlightCause: Come on, guys.
(53:48 / All) ProBlightCause: You're better than this.
(53:50 / All) OMG_BLIGHT: they just dont accept thart im a leet hacker
(53:58 / All) OMG_BLIGHT: and have an invisible invulnerable farm hidden away
(53:59 / All) OMG_BLIGHT: geez
(54:02 / All) OMG_BLIGHT: just leave you noobs
(54:27 / All) muffin55: dont make me bring out the shades...
(54:44 / All) OMG_BLIGHT: even if you find it, you wont be able to kill it cause its INVULNERABLE LOL
(55:25 / Allies) OMG_BLIGHT: lol
(55:28 / All) Schaefwagon: are u fucking kidding me
(55:31 / Allies) OMG_BLIGHT: cant believe you both are still here
(55:51 / All) OMG_BLIGHT: JUST ACCEPT THAT MY HACKING SKILLS > YOUR NOOB SKILLS AT LYFE AND LEAVE YOU TARDS
(56:00 / All) ProBlightCause: this is winnable dammit
(56:04 / All) OMG_BLIGHT: LOL REPORT ME TO hacks@blizzard.com HAHAHAHA
(56:07 / All) ProBlightCause: dont listen to him
(56:09 / All) ProBlightCause: it's a trap
(56:44 / Allies) OMG_BLIGHT: pies?
(56:47 / Allies) KotikVsTheWorld: yo
(56:52 / Allies) OMG_BLIGHT: i wonder if its possible to "perch" the middle of the map
(57:00 / Allies) KotikVsTheWorld: i think it is
(57:04 / Allies) KotikVsTheWorld: if you clear the trees
(57:10 / All) OMG_BLIGHT: hey ghetto, can i get a flavour?
(57:11 / Allies) KotikVsTheWorld: in a typical rt game people won't look there
(57:15 / All) ProBlightCause: wut
(57:18 / All) OMG_BLIGHT: can you clear the trees in the middle of the map and perch it
(57:21 / All) OMG_BLIGHT: just to see if it can be done
(57:26 / All) KotikVsTheWorld: a.... flavour?
(57:34 / All) OMG_BLIGHT: favour?
(57:38 / All) KotikVsTheWorld: ok
(57:42 / All) KotikVsTheWorld: [/grammar nazi]
(57:45 / All) ProBlightCause: i don't think it can be done
(57:48 / All) ProBlightCause: rocks, no room for a hall
(58:00 / All) KotikVsTheWorld: hmmm
(58:02 / All) KotikVsTheWorld: i think it could be
(58:06 / All) muffin55: nice invis farm
(58:11 / All) KotikVsTheWorld: you might need a level 6 am though
(58:12 / All) ProBlightCause: I GOT U BALLS FUCKER
(58:16 / All) KotikVsTheWorld: then land a guy on there
(58:19 / All) KotikVsTheWorld: Mass tp with a peasant
(58:21 / All) KotikVsTheWorld: and build shit
(58:22 / All) ProBlightCause: GG NOOOOOOOB
(58:23 / All) OMG_BLIGHT: yeah think so
(58:24 / All) KotikVsTheWorld: after clearing hte trees